 Dungeon Crawl Stone Soup version 0.28.0-53-g5a82cb258f (webtiles) character file.

Game seed: 14647660307146504856

142 unlimited1921 the Magician (level 5, -5/35 HPs)
             Began as a Djinni Fire Elementalist on July 18, 2022.
             Killed from afar by Natasha (8 damage)
             ... with a magic dart
             ... on level 4 of the Dungeon.
             The game lasted 00:10:17 (5946 turns).

unlimited1921 the Magician (DjFE)                   Turns: 5946, Time: 00:10:18

Health: -5/35      AC:  2    Str: 13    XL:     5   Next: 50%
Gold:   136        EV: 12    Int: 19    God:
                   SH:  0    Dex: 13

rFire   + + .      SeeInvis .   n - +2 flail (protect)
rCold   x . .      Faith    .   (no shield)
rNeg    . . .      Spirit   .   a - +0 robe
rPois   ∞          Reflect  .   (no helmet)
rElec   .          Harm     .   (no cloak)
rCorr   .          Rampage  .   (no gloves)
Will    .....                   (boots unavailable)
Stlth   ++........              (no amulet)
HPRegen 0.11/turn               s - +6 ring of strength
MPRegen 0.00/turn               (no ring)

@: flying
A: sickness immunity, fire resistance 2, cold vulnerability 1, float, innate
caster, HP casting, extra vitality 1
a: no special abilities


You were on level 4 of the Dungeon.
You visited 1 branch of the dungeon, and saw 4 of its levels.

You collected 136 gold pieces.

Inventory:

Hand Weapons
 i - a +1 dagger of pain
 n - a +2 flail of protection (weapon)
 r - a +0 short sword of draining
Missiles
 g - 7 poisoned darts
 j - 27 stones
Armour
 a - a +0 robe (worn)
 k - a +0 leather armour
 u - a +0 buckler
Jewellery
 s - a +6 ring of strength (left hand)
Scrolls
 b - a scroll of enchant weapon {unknown}
 d - a scroll of fear {unknown}
 e - a scroll of amnesia {unknown}
 l - a scroll of teleportation {unknown}
 m - a scroll of enchant armour {unknown}
 t - 2 scrolls of identify {unknown}
Potions
 c - a potion of curing {unknown}
 f - 2 potions of might {unknown}
 h - a potion of attraction {unknown}
 o - 3 potions of flight {unknown}
 p - 3 potions of lignification {unknown}
 q - a potion of degeneration {unknown}


   Skills:
 + Level 0.1 Maces & Flails
 + Level 2.5 Dodging
 + Level 2.1 Stealth
 + Level 4.1 Spellcasting


You couldn't memorise any spells.
You knew the following spells:

 Your Spells              Type           Power      Damage    Failure   Level
a - Foxfire               Conj/Fire      76%        2x1d7     2%          1
b - Scorch                Fire           38%        2d7       3%          2
c - Conjure Flame         Conj/Fire      19%        6-21      8%          3
d - Inner Flame           Hex/Fire       19%        N/A       8%          3
e - Flame Wave            Conj/Fire      19%        2d6       24%         4
f - Freeze                Ice            76%        1d9       2%          1
g - Corpse Rot            Necr/Air       38%        N/A       3%          2
Your spell library was empty.

Dungeon Overview and Level Annotations

Branches:
Dungeon (4/15)
 Temple: D:4-7

Altars:
Hepliaklqana

Annotations:
D:4 Natasha


Innate Abilities, Weirdness & Mutations

You are immune to sickness and miasma.
You are immune to poison.
Your flesh is very heat resistant. (rF++)
You are vulnerable to cold. (rC-)
You float through the air rather than walking.
You learn spells naturally, not from books.
Your magical power is your life essence.
You have superior vitality. (+4 MHP)


Message History

You conjure some foxfire!
The foxfire hits the crimson imp.
The crimson imp completely resists.
The crimson imp hits you but does no damage.
Natasha claws you. The crimson imp barely misses you.
Your magical contamination has completely faded away.
Unknown command.
Casting: Foxfire (safe; 2% risk of failure)
Confirm with . or Enter, or press ? or * to list all spells.
You don't know that spell.
The foxfire hits the crimson imp.
The crimson imp completely resists.
The crimson imp hits you.
The crimson imp blinks!
Casting: Foxfire (safe; 2% risk of failure)
Confirm with . or Enter, or press ? or * to list all spells.
Aiming: Freeze (safe; 2% risk of failure)
Press: ? - help, Shift-Dir - straight line, f - Natasha
Aim: Natasha (moderately wounded)
You miscast Freeze.
You are very lightly contaminated with residual magic.
Nothing appears to happen.
Natasha claws you.
* * * LOW HITPOINT WARNING * * *
You barely miss Natasha.
Natasha is moderately wounded.
The crimson imp closely misses you.
Natasha mumbles some strange words.
You feel troubled. Natasha claws you.
* * * LOW HITPOINT WARNING * * *
The crimson imp hits you.
* * * LOW HITPOINT WARNING * * *
Natasha claws you.
* * * LOW HITPOINT WARNING * * *
The crimson imp blinks!
The crimson imp blinks!
Natasha mewls in sadness.
The crimson imp blinks!
Your magical contamination has completely faded away.
Natasha stares at you and mumbles some strange words.
The magic dart hits you!
You die...

##.###.##..........
####...#.##.#.######
.......)......# .....
.#####...##.#.# .....
#.####.#.# ... #. #.#.#
... #. #.#h#########.#
#. #5............# #.
###....@#######.#####
#....................<.#
####.....####.##.###.#
.(......####.##.# #.#
###.......##.##.# #.#
#..####.##.##.# #.#
#..####.......###.#
#..............##..
........##.###.##.#


You could see Natasha and a crimson imp (summoned).

Vanquished Creatures
  An iguana (D:3)
  3 gnolls (D:2)
  2 adders (D:2)
  A worm (D:2)
  A dart slug (D:1)
  5 ball pythons
  4 endoplasms
  5 giant cockroaches
  6 goblins
  4 hobgoblins
  4 jackals (D:2)
  2 quokkas (D:1)
  7 bats
  3 frilled lizards
  9 kobolds
  A rat (D:1)
58 creatures vanquished.

Vanquished Creatures (collateral kills)
  11 foxfires (D:3)
11 creatures vanquished.

Vanquished Creatures (others)
  144 foxfires
144 creatures vanquished.

Grand Total: 213 creatures vanquished

Notes
Turn   | Place    | Note
-------+----------+-------------------------------------------
     0 | D:1      | unlimited1921 the Djinni Fire Elementalist began the quest
                  | for the Orb.
     0 | D:1      | Reached XP level 1. HP: 15/15 MP: 0/0
   309 | D:1      | Reached XP level 2. HP: 9/21 MP: 0/0
  1549 | D:1      | Reached skill level 3 in Spellcasting
  1549 | D:1      | Reached XP level 3. HP: 18/25 MP: 0/0
  1549 | D:1      | Learned a level 1 spell: Freeze
  3312 | D:2      | Reached XP level 4. HP: 14/31 MP: 0/0
  4173 | D:2      | Reached XP level 5. HP: 29/35 MP: 0/0
  4173 | D:2      | Learned a level 2 spell: Corpse Rot
  4991 | D:3      | Reached skill level 4 in Spellcasting
  5174 | D:3      | Found a faded altar of an unknown god.
  5175 | D:3      | Found a hazy altar of Hepliaklqana.
  5177 | D:3      | Found a faded altar of an unknown god.
  5926 | D:4      | Noticed Natasha
  5946 | D:4      | Killed from afar by Natasha

Illustrated notes

Levels and vault maps discovered:
D:1:      psy_arrival_basics, layout_basic
D:2:      layout_basic
D:3:      layout_rooms, nicolae_hepliaklqana_ecumenical_no_more,
          minmay_diced_spiral
D:4:      layout_loops_ring, uniq_natasha, uniq_robin, uniq_crazy_yiuf_cottage

Skill      XL: |  1  2  3  4  5 |
---------------+----------------+-----
Spellcasting   | 3 4 |  4.1
Stealth        | 2 |  2.1
Maces & Flails | |  0.1
Dodging        | |  2.5

Action                   |  1- 3 |  4- 6 || total
-------------------------+-------+-------++-------
Melee: Flail             |       |     8 ||     8
 Cast: Foxfire           |    52 |    50 ||   102
       Scorch            |    18 |     7 ||    25
       Inner Flame       |     4 |     2 ||     6
Armor: Robe              |     3 |     3 ||     6
Dodge: Dodged            |     3 |    14 ||    17
